 Dungeon Crawl Stone Soup version 0.30-a0-808-g6e07883 (webtiles) character file.

Game seed: 12817486169863609316

164298 Dorkslayer the Fencer (level 17, -3/139 HPs)
             Began as a Merfolk Fighter on Feb 24, 2023.
             Was an Initiate of Gozag.
             Collided with a cyan ugly thing (6 damage)
             ... caused by a wind drake
             ... while petrified
             ... on level 3 of the Shoals on Feb 25, 2023.
             The game lasted 01:45:15 (25893 turns).

Dorkslayer the Fencer (Merfolk Fighter)            Turns: 25893, Time: 01:45:15

Health: -3/139     AC: 25    Str: 18    XL:     17   Next: 85%
Magic:  17/17      EV:  2    Int:  8    God:    Gozag
Gold:   944        SH:  0    Dex: 25    Spells: 16/16 levels left

rFire   + + +      SeeInvis .    b - +10 zealot's sword {holy, Zealotry, *Rage rN+ EV+3}
rCold   + + +      Faith    .    y - +2 kite shield {reflect}
rNeg    + + +      Spirit   .    Y - +0 plate armour of the Seven Allies {*Corrode rPois rF+ rC+++}
rPois   ∞          Reflect  +    x - +2 helmet of the Gazing Gods {rElec Will+}
rElec   +          Harm     .    o - +0 cloak {rPois}
rCorr   .          Rampage  +    G - +2 pair of gloves
Will    +++..      Rage     20%  Z - +2 pair of boots {rampage} Stlth
                                 r - amulet of reflection
HPRegen 0.43/turn                h - +5 ring of evasion
MPRegen 0.15/turn                X - ring of Neamnerch {rF++ Will+ Dex+6}

@: about to teleport, petrified, on berserk cooldown, hasted, studying
Evocations
A: (nimble swimmer 2), mertail
a: Renounce Religion, Potion Petition, Call Merchant, Bribe Branch


You were on level 3 of the Shoals.
You worshipped Gozag.
Gozag was pleased with you.
You visited 4 branches of the dungeon, and saw 25 of its levels.
You visited the Abyss 1 time.
You also visited: Ossuary and Volcano.

You collected 10853 gold pieces.
You spent 3842 gold pieces at shops.
You paid 6067 gold pieces to Gozag.

Inventory:

Hand Weapons
 b - the +10 zealot's sword (weapon) {holy, Zealotry, *Rage rN+ EV+3}
   (You found it on level 2 of the Dungeon)

   Zealotry:  Whenever the wielder enters a berserk rage, their allies are
   berserked alongside them.
   EV:        It affects your evasion (+3).
   rN:        It protects you from negative energy.
   *Rage:     It berserks you when you make melee attacks (+20% chance).
 n - a +7 scimitar of flaming
Missiles
 a - 4 javelins
 d - a boomerang of dispersal
 i - 6 curare-tipped darts
 t - 3 silver boomerangs
 u - 22 boomerangs (quivered)
 H - 3 throwing nets
Armour
 o - a +0 cloak of poison resistance (worn)
 x - the +2 helmet of the Gazing Gods (worn) {rElec Will+}
   (You found it on level 4 of the Dungeon)

   rElec:     It insulates you from electricity.
   Will:      It increases your willpower.
 y - a +2 kite shield of reflection (worn)
 G - a +2 pair of gloves (worn)
 Y - the +0 plate armour of the Seven Allies (worn) {*Corrode rPois rF+ rC+++}
   (You bought it in a shop on level 5 of the Lair of Beasts)

   rF:        It protects you from fire.
   rC:        It renders you almost immune to cold.
   rPois:     It protects you from poison.
   *Corrode:  It may corrode you when you take damage.
 Z - a +2 pair of boots of rampaging (worn)
Jewellery
 f - the amulet "Weghun" {Acrobat *Slow Will+ Int+6 Dex-3}
   (You bought it in a shop on level 2 of the Orcish Mines)

   [amulet of the acrobat]

   It increases your evasion while moving and waiting.
   Int:       It affects your intelligence (+6).
   Dex:       It affects your dexterity (-3).
   *Slow:     It may slow you when you take damage.
   Will:      It increases your willpower.
 h - a +5 ring of evasion (left hand)
 r - an amulet of reflection (around neck)
 w - the amulet of the Skies Above {Spirit Contam +Blink Dex+3}
   (You found it on level 2 of the Shoals)

   [amulet of guardian spirit]

   It causes incoming damage to be divided between your reserves of health and
   magic.
   Dex:       It affects your dexterity (+3).
   +Blink:    It lets you blink.
   Contam:    It causes magical contamination when unequipped.
 U - an amulet of the acrobat
 X - the ring of Neamnerch (right hand) {rF++ Will+ Dex+6}
   (You found it on level 5 of the Lair of Beasts)

   [ring of dexterity]

   Dex:       It affects your dexterity (+6).
   rF:        It greatly protects you from fire.
   Will:      It increases your willpower.
Wands
 k - a wand of mindburst (6)
 s - a wand of quicksilver (13)
 D - a wand of iceblast (18)
 M - a wand of flame (34)
 P - a wand of paralysis (18)
Scrolls
 c - 2 scrolls of blinking
 e - 3 scrolls of immolation
 g - a scroll of summoning
 j - 14 scrolls of teleportation
 v - 3 scrolls of fear
 z - 5 scrolls of fog
 A - 6 scrolls of poison
 J - 6 scrolls of identify
 L - 6 scrolls of magic mapping
 O - 4 scrolls of amnesia
 S - 2 scrolls of silence
Potions
 l - 2 potions of mutation
 m - 3 potions of magic
 p - 8 potions of curing
 q - 5 potions of brilliance
 B - 6 potions of attraction
 C - 4 potions of flight
 E - a potion of berserk rage
 F - 3 potions of might
 I - 6 potions of haste
 K - 5 potions of lignification
 V - 2 potions of invisibility
 W - 2 potions of cancellation
Miscellaneous
 T - a phial of floods


   Skills:
 * Level 14.3 Fighting
 * Level 16.0 Long Blades
 - Level 3.5 Polearms
 + Level 10.3 Throwing
 * Level 9.2 Armour
 + Level 15.0 Dodging
 * Level 12.0 Shields
 * Level 15.9 Evocations


You had 16 spell levels left.
You didn't know any spells.
Your spell library contained the following spells:

 Spells                   Type           Power      Damage    Failure   Level
 Apportation              Tloc           0%         N/A       100%        1
 Foxfire                  Conj/Fire      0%         2x1d4     100%        1
 Kiss of Death            Conj/Necr      0%         2d5       100%        1
 Sandblast                Erth           0%         2d4       100%        1
 Summon Small Mammal      Summ           0%         N/A       100%        1
 Cigotuvi's Dreadful Rot  Necr/Pois/Air  0%         N/A       100%        2
 Passwall                 Tmut/Erth      0%         N/A       100%        2
 Poisonous Vapours        Pois/Air       0%         N/A       100%        2
 Scorch                   Fire           0%         2d5       100%        2
 Sublimation of Blood     Necr           0%         N/A       100%        2
 Wereblood                Tmut           0%         N/A       100%        2
 Call Canine Familiar     Summ           0%         N/A       100%        3
 Confusing Touch          Hex            0%         N/A       100%        3
 Mephitic Cloud           Conj/Pois/Air  0%         N/A       100%        3
 Ozocubu's Armour         Ice            0%         N/A       100%        3
 Stone Arrow              Conj/Erth      0%         3d7       100%        3
 Summon Guardian Golem    Hex/Summ       0%         N/A       100%        3
 Airstrike                Air            0%         2d(0-16)  100%        4
 Cause Fear               Hex            0%         N/A       100%        4
 Dispel Undead            Necr           0%         3d6       100%        4
 Flame Wave               Conj/Fire      0%         2d4       100%        4
 Summon Lightning Spire   Summ/Air       0%         N/A       100%        4
 Alistair's Intoxication  Tmut/Pois      0%         N/A       100%        5
 Fireball                 Conj/Fire      0%         3d3       100%        5
 Lightning Bolt           Conj/Air       0%         1d11      100%        5
 Metabolic Englaciation   Hex/Ice        0%         N/A       100%        5
 Death Channel            Necr           0%         N/A       100%        6
 Starburst                Conj/Fire      0%         6d3       100%        6
 Summon Cactus Giant      Summ           0%         N/A       100%        6
 Dragon Form              Tmut           0%         N/A       100%        7
 Storm Form               Tmut/Air       0%         N/A       100%        7
 Summon Hydra             Summ           0%         N/A       100%        7
 Maxwell's Capacitive Co  Air            0%         ∞         100%        8
 Dragon's Call            Summ           0%         N/A       100%        9
 Simulacrum               Ice/Necr       Unusable   N/A       N/A         6

Dungeon Overview and Level Annotations

Branches:
Dungeon (15/15)            Temple (0/1) D:7            Lair (5/5) D:9
 Shoals (3/4) Lair:3        Snake (0/4) Lair:3        Slime (0/5) Lair:4
    Orc (2/2) D:11            Elf (0/3) Orc:2        Vaults (0/5) D:13
 Depths (0/4) D:15        Ossuary (visited)         Volcano (visited)

Altars:
Ashenzari
Fedhas
Gozag
Hepliaklqana
Kikubaaqudgha
Makhleb
Okawaru
Qazlal
Ru
Sif Muna
Trog
Uskayaw
Wu Jian
Yredelemnul
Zin
The Shining One
Jiyva

Shops:
D:7 (   D:9 *   Orc:1 (   Orc:2 [??*[?:[:[?   Lair:5 !?[

Portals:
Ice
Cave: Shoals:3


Innate Abilities, Weirdness & Mutations

((You are very nimble when in or above water. (Stealth+, EV+, Speed+++)))
Your lower body shifts to a powerful aquatic tail in water.


Message History

The cyan ugly thing headbutts you but does no damage.
The merfolk hits you from afar with a +0 trident!
* * * LOW HITPOINT WARNING * * *
The merfolk hits you from afar with a +0 trident.
* * * LOW HITPOINT WARNING * * *
You feel yourself speed up. The wind drake flaps its wings at you.
The air twists around and strikes you.
* * * LOW HITPOINT WARNING * * *
The snapping turtle barely misses you. The white ugly thing barely misses you.
The cyan ugly thing trunk-slaps you!
* * * LOW HITPOINT WARNING * * *
The cyan ugly thing shocks you. You resist.
* * * LOW HITPOINT WARNING * * *
The cyan ugly thing completely misses you.
The merfolk hits you but does no damage.
The merfolk hits you from afar with a +0 trident!
* * * LOW HITPOINT WARNING * * *
The wind drake bites you.
* * * LOW HITPOINT WARNING * * *
The snapping turtle bites you from afar!
* * * LOW HITPOINT WARNING * * *
The white ugly thing basks in the mutagenic energy from its kin and changes!
The cyan ugly thing trunk-slaps you.
* * * LOW HITPOINT WARNING * * *
The cyan ugly thing shocks you. You resist.
* * * LOW HITPOINT WARNING * * *
The cyan ugly thing headbutts you. The cyan ugly thing shocks you. You resist.
* * * LOW HITPOINT WARNING * * *
The wind drake exhales a fierce blast of wind!
The merfolk is knocked back by the gust of wind.
The cyan ugly thing is knocked back by the gust of wind. x3
The cyan ugly thing collides with the merfolk!
The merfolk is moderately wounded.
The cyan ugly thing is moderately wounded.
You are knocked back by the gust of wind.
You collide with the cyan ugly thing!
The cyan ugly thing is heavily wounded.
You die...
Your body crumbles into a pile of gold.

~~,>,,,***..........$...$..~~....
~~,,**** #........#)#$#~.........
~~~,,** #..........$.~~.........
~~~,,,****..[...#...u..~.........
~~~~~,,,,.##.....................
~~~~~~~~,.......#..$∩...........,
~~~~~~~~~.......t.......$.......,
~~~~~~~~~.....).u.u..?........,,,
~~~~~~~~~......k@um..........,,,,
~~~~~~~~~~...~....^m#.#....[.~~~~
~~~~~~~~~~..................~~~~~
~~~~~~~~~~..................~~~~~
~~~~~~~~~...)...............~~~~~
~~~~~~~~~.................,~~~~~~
~~~~~~~~~................,~~~~~~~
~~~~~~~~~...............,,~~~~~~~
~~~~~~~~~~,,,,,,,,,,,,,,,,~~~~,,,


You could see 4 ugly things, a snapping turtle, a wind drake (repels missiles,
catching breath) and 2 merfolk.

Vanquished Creatures
  The ghost of Gimmok the Phalangite, an adept MiFi of Ru (Shoals:2)
  2 acid blobs (Lair:4)
  The ghost of Ojuonoci the Fencer, an adept DsWn of Okawaru (Shoals:2)
  An ettin (D:11)
  A merfolk javelineer (Shoals:2)
  A fire dragon (Lair:5)
  3 hydras
  Erolcha (Orc:1)
  A rakshasa (D:15)
  Harold (Lair:2)
  7 centaur warriors
  2 catoblepae
  Erica (D:11)
  An alligator snapping turtle (Shoals:1)
  A merfolk avatar (Shoals:1)
  3 ogre magi
  4 merfolk aquamancers
  21 two-headed ogres
  A death knight (D:11)
  2 boulder beetles (D:11)
  3 tengu warriors
  5 orc high priests (Orc:2)
  3 skysharks
  The ghost of Caerwyn the Geomancer, a novice DsEE of Gozag (D:8)
  7 skeletal warriors
  A swamp dragon (Lair:5)
  3 sea snakes
  A deep elf archer (D:12)
  The ghost of Dega the Marksspriggan, a novice SpHu of Hepliaklqana (D:9)
  A lindwurm (Lair:5)
  Pikel (D:5)
  2 anaconda skeletons (Volcano)
  5 orc knights
  A necromancer (D:15)
  The ghost of dontdoit the Digger, a novice MeEE (D:5)
  A wolf spider (D:15)
  A wolf spider zombie (D:15)
  4 deep elf pyromancers
  8 cyclopes
  11 manticores
  24 ugly things
  11 orc sorcerers
  2 merfolk sirens
  A black mamba (shapeshifter) (D:14)
  6 fauns (Shoals:2)
  12 elephants
  2 black mambas
  4 water nymphs (Shoals:2)
  The ghost of AnyaLaVert the Cleaver, a novice HOFi (D:5)
  The ghost of heathens the Cleaver, a novice MiBe of Trog (D:5)
  Joseph (D:8)
  11 cane toads
  8 gargoyles
  3 torpor snails
  3 unseen horrors (D:11)
  8 komodo dragons
  4 rime drakes
  A komodo dragon (shapeshifter) (D:11)
  A redback zombie (D:15)
  3 kobold demonologists
  3 efreet
  5 yaktaurs (D:13)
  A tengu conjurer (D:15)
  The ghost of Dega the Shooter, a novice SpHu (D:5)
  11 merfolk
  A polar bear (Lair:3)
  7 trolls
  2 wind drakes
  Prince Ribbit (D:6)
  3 hornets
  18 blink frogs
  3 harpy skeletons (Volcano)
  21 dream sheep
  2 snapping turtles
  Grinder (D:3)
  12 slime creatures
  2 flying skulls (Volcano)
  4 wyverns
  80 yaks
  2 alligator skeletons (Volcano)
  A vampire (D:11)
  A spriggan (shapeshifter) (D:12)
  4 shadows
  16 water elementals
  4 wraiths
  14 vampire mosquitoes
  7 basilisks
  2 wargs (Orc:2)
  3 nagas (Lair:3)
  Duvessa (D:5)
  8 acid dragons
  20 water moccasins
  2 black bears
  An ice beast (D:8)
  28 orc warriors
  A swamp drake (Lair:5)
  26 ogres
  2 boggarts
  A wolf (Lair:1)
  21 centaurs
  A lemure (D:5)
  3 phantoms
  16 kobold brigands
  2 gnoll sergeants
  A scorpion (D:4)
  12 bullfrogs
  2 water moccasin zombies (Ossuary)
  Dowan (D:5)
  6 killer bees (D:9)
  3 spriggan skeletons (Volcano)
  A troll skeleton (Volcano)
  3 electric eels
  A vampire bat (Orc:2)
  3 jellies
  A gnoll bouda (D:4)
  13 orc priests
  7 iguanas
  Crazy Yiuf (D:3)
  Ijyb (D:3)
  30 orc wizards
  4 hell rats (Lair:3)
  A boggart skeleton (D:15)
  An ogre zombie (Orc:1)
  2 mummies (Ossuary)
  Robin (D:3)
  6 adders
  15 gnolls
  3 shadow imps
  3 white imps
  5 adder zombies (Ossuary)
  2 worms
  A dart slug (D:1)
  88 orcs
  5 ball pythons
  12 bats
  7 endoplasms
  7 giant cockroaches
  3 gnoll zombies (Ossuary)
  21 goblins
  11 hobgoblins
  9 jackals
  3 quokkas
  2 frilled lizards (D:1)
  3 hobgoblin zombies (Ossuary)
  23 kobolds
  5 kobold zombies (Ossuary)
  3 orc zombies (Ossuary)
  4 rats
  A spectral orc (D:8)
  A lurking horror (Abyss:2)
927 creatures vanquished.

Vanquished Creatures (others)
  A slime creature (D:11)
  A water elemental (Shoals:1)
  An orc priest (Orc:2)
  31 fungi
  61 plants
95 creatures vanquished.

Grand Total: 1022 creatures vanquished

Notes
Turn   | Place    | Note
-------+----------+-------------------------------------------
     0 | D:1      | Dorkslayer the Merfolk Fighter began the quest for the Orb.
     0 | D:1      | Reached XP level 1. HP: 18/18 MP: 1/1
   100 | D:1      | Reached skill level 1 in Dodging
   108 | D:1      | Reached XP level 2. HP: 19/24 MP: 2/2
   744 | D:1      | Reached XP level 3. HP: 29/29 MP: 3/3
  1294 | D:2      | Reached XP level 4. HP: 19/36 MP: 4/4
  1470 | D:2      | Found the +10 zealot's sword {holy, Zealotry, *Rage rN+
                  | EV+3}
  1487 | D:2      | Reached XP level 5. HP: 42/42 MP: 5/5
  1719 | D:3      | Noticed Robin
  1724 | D:3      | Killed Robin
  1989 | D:3      | Reached skill level 1 in Long Blades
  2047 | D:3      | Noticed Ijyb
  2057 | D:3      | Killed Ijyb
  2078 | D:3      | Found an opulent altar of Gozag.
  2093 | D:3      | Became a worshipper of Gozag Ym Sagoz the Greedy
  2225 | D:3      | Found a runed translucent door.
  2226 | D:3      | Noticed Crazy Yiuf
  2230 | D:3      | Killed Crazy Yiuf
  2298 | D:3      | Noticed Grinder
  2304 | D:3      | Killed Grinder
  2305 | D:3      | Reached skill level 2 in Long Blades
  2305 | D:3      | Reached skill level 1 in Evocations
  2305 | D:3      | Reached XP level 6. HP: 48/48 MP: 6/6
  2426 | D:3      | Found a sacrificial altar of Ru.
  2666 | D:4      | Reached skill level 3 in Long Blades
  2666 | D:4      | Reached XP level 7. HP: 54/54 MP: 7/7
  2684 | D:4      | Identified the +2 helmet of the Gazing Gods {rElec Will+}
  2931 | D:4      | Reached skill level 4 in Long Blades
  3009 | D:4      | Found a glowing silver altar of Zin.
  3513 | D:5      | Entered Level 5 of the Dungeon
  3520 | D:5      | Noticed Duvessa
  3520 | D:5      | Noticed Dowan
  3531 | D:5      | Killed Dowan
  3532 | D:5      | Killed Duvessa
  3533 | D:5      | Reached XP level 8. HP: 61/61 MP: 8/8
  3534 | D:5      | Reached skill level 5 in Dodging
  3632 | D:5      | Found a runed translucent gate.
  3632 | D:5      | Found a runed translucent gate.
  3632 | D:5      | Found a runed translucent gate.
  3632 | D:5      | Noticed heathens's ghost (novice MiBe)
  3632 | D:5      | Noticed Dega's ghost (novice SpHu)
  3632 | D:5      | Noticed AnyaLaVert's ghost (novice HOFi)
  3633 | D:5      | Noticed dontdoit's ghost (novice MeEE)
  3642 | D:5      | Killed heathens's ghost
  3643 | D:5      | Reached skill level 5 in Fighting
  3643 | D:5      | Reached skill level 5 in Long Blades
  3657 | D:5      | Killed dontdoit's ghost
  3658 | D:5      | Reached skill level 6 in Long Blades
  3658 | D:5      | Reached skill level 5 in Shields
  3658 | D:5      | Reached XP level 9. HP: 68/68 MP: 9/9
  3659 | D:5      | Killed AnyaLaVert's ghost
  3660 | D:5      | Reached skill level 5 in Evocations
  3663 | D:5      | Killed Dega's ghost
  3736 | D:5      | Found a blossoming altar of Fedhas.
  3842 | D:5      | Noticed Pikel
  3859 | D:5      | Killed Pikel
  3860 | D:5      | Reached skill level 7 in Long Blades
  4398 | D:6      | Reached XP level 10. HP: 76/76 MP: 10/10
  4425 | D:6      | Noticed Prince Ribbit
  4431 | D:6      | Killed Prince Ribbit
  4465 | D:6      | Reached skill level 8 in Long Blades
  4760 | D:7      | Found Jijabeam's Weapon Shop.
  4851 | D:7      | Found a staircase to the Ecumenical Temple.
  5184 | D:7      | Found a shimmering blue altar of Sif Muna.
  5359 | D:8      | Found a sand-covered staircase.
  5363 | Ossuary  | Entered an ossuary
  5545 | D:8      | Noticed Joseph
  5558 | D:8      | Killed Joseph
  6183 | D:8      | Noticed a kobold demonologist
  6184 | D:8      | Noticed Caerwyn's ghost (novice DsEE)
  6202 | D:8      | Found a runed translucent gate.
  6202 | D:8      | Found a runed translucent gate.
  6203 | D:8      | Found a runed translucent gate.
  6321 | D:8      | Identified the +10 sling "No More Talking" {drain, rC++
                  | Int+2}
  6559 | D:8      | Found a hazy altar of Hepliaklqana.
  6726 | D:8      | Killed a kobold demonologist
  6735 | D:8      | Reached skill level 1 in Throwing
  6753 | Abyss:2  | Cast into level 2 of the Abyss (kobold brigand)
  6755 | Abyss:2  | Found a corrupted altar of Lugonu.
  6805 | D:8      | Escaped the Abyss
  6814 | D:8      | Reached skill level 9 in Long Blades
  6823 | D:8      | Killed Caerwyn's ghost
  7024 | D:9      | Found a runed translucent door.
  7025 | D:9      | Noticed Dega's ghost (novice SpHu)
  7037 | D:9      | Killed Dega's ghost
  7038 | D:9      | Reached XP level 11. HP: 84/84 MP: 11/11
  7062 | D:9      | Found a hide-covered altar of Uskayaw.
  7194 | D:9      | Noticed a two-headed ogre
  7234 | D:9      | Reached skill level 5 in Armour
  7235 | D:9      | Killed a two-headed ogre
  7322 | D:9      | Found Ufayqige's Changing Room.
  7443 | D:9      | Found a staircase to the Lair.
  7614 | D:10     | Entered Level 10 of the Dungeon
  7828 | D:10     | Reached skill level 10 in Long Blades
  7908 | D:10     | Found a glowing golden altar of the Shining One.
  8219 | D:10     | Found a stormy altar of Qazlal.
  8220 | D:10     | Found a broken altar of Ashenzari.
  8222 | D:10     | Found an iron altar of Okawaru.
  8223 | D:10     | Found an ornate altar of the Wu Jian Council.
  8223 | D:10     | Found a bloodstained altar of Trog.
  8224 | D:10     | Found a basalt altar of Yredelemnul.
  8224 | D:10     | Found a burning altar of Makhleb.
  8225 | D:10     | Found an ancient bone altar of Kikubaaqudgha.
  8419 | D:11     | Noticed a cyclops
  8429 | D:11     | Killed a cyclops
  8545 | D:11     | Reached XP level 12. HP: 94/94 MP: 12/12
  8572 | D:11     | Noticed a boulder beetle
  8598 | D:11     | Killed a boulder beetle
  8661 | D:11     | Found a staircase to the Orcish Mines.
  8841 | D:11     | Noticed Erica
  8841 | D:11     | Noticed a two-headed ogre
  8853 | D:11     | Killed a two-headed ogre
  8857 | D:11     | Killed Erica
  8858 | D:11     | Reached skill level 10 in Dodging
  9164 | D:11     | Noticed a two-headed ogre
  9169 | D:11     | Killed a two-headed ogre
  9170 | D:11     | Reached skill level 5 in Throwing
  9640 | D:11     | Reached skill level 11 in Long Blades
  9640 | D:11     | Reached XP level 13. HP: 103/103 MP: 13/13
  9734 | D:11     | Reached skill level 10 in Fighting
  9774 | D:11     | Reached skill level 10 in Evocations
  9808 | D:11     | Noticed an ettin
  9815 | D:11     | Killed an ettin
 10082 | D:11     | Reached skill level 12 in Long Blades
 10301 | D:11     | Reached XP level 14. HP: 111/111 MP: 14/14
 10605 | Orc:1    | Entered Level 1 of the Orcish Mines
 10785 | Orc:1    | Found Zakkaipp's Weapon Shoppe.
 10961 | Orc:2    | Entered Level 2 of the Orcish Mines
 10961 | Orc:2    | Found Lutit's Armour Emporium.
 10982 | Orc:2    | Bought a +2 kite shield of reflection for 222 gold pieces
 11014 | Orc:2    | Found Faagoh's Magic Scroll Shoppe.
 11445 | Orc:1    | Noticed Erolcha
 11474 | Orc:1    | Killed Erolcha
 11629 | Orc:2    | Found Lugas's Armour Boutique.
 11875 | Orc:2    | Found a staircase to the Elven Halls.
 11926 | Orc:2    | Bought a scroll of acquirement for 780 gold pieces
 11926 | Orc:2    | Acquired a manual of Evocations
 12062 | Orc:2    | Paralysed by an ogre mage for 5 turns
 12421 | Orc:2    | Found Hisanot's Book Shop.
 12433 | Orc:2    | Paralysed by an orc sorcerer for 2 turns
 12476 | Orc:2    | Reached skill level 13 in Long Blades
 13021 | Orc:2    | Found Geist's Book Emporium.
 13028 | Orc:2    | Found Laof's Antique Armour Emporium.
 13030 | Orc:2    | Found Qiqoj's Magic Scroll Shop.
 13038 | Orc:2    | Bought a scroll of blinking for 82 gold pieces
 13038 | Orc:2    | Bought 2 scrolls of magic mapping for 165 gold pieces
 13038 | Orc:2    | Bought a scroll of enchant weapon for 82 gold pieces
 13038 | Orc:2    | Bought a scroll of summoning for 104 gold pieces
 13096 | Orc:2    | Bought a scroll of magic mapping for 112 gold pieces
 13205 | Orc:2    | Found Kyroplea's Antique Armour Shop.
 13331 | Orc:2    | Bought a scroll of immolation for 64 gold pieces
 13333 | Orc:2    | Bought a scroll of enchant weapon for 127 gold pieces
 13336 | Orc:2    | Bought a potion of haste for 310 gold pieces
 13336 | Orc:2    | Bought a faintly glowing zirconium amulet for 155 gold
                  | pieces
 13336 | Orc:2    | Identified the amulet "Weghun" {Acrobat *Slow Will+ Int+6
                  | Dex-3} (You bought it in a shop on level 2 of the Orcish
                  | Mines)
 13336 | Orc:2    | Bought a scroll of enchant weapon for 232 gold pieces
 13605 | D:12     | Reached XP level 15. HP: 97/119 MP: 15/15
 13703 | D:12     | Identified the +1 pair of boots of the Vestibule of Hell
                  | {Harm rPois Stlth-}
 14825 | D:13     | Found a gate to the Vaults.
 15777 | D:14     | Reached skill level 14 in Long Blades
 16484 | D:15     | Entered Level 15 of the Dungeon
 16824 | D:15     | Reached skill level 10 in Shields
 17292 | D:15     | Reached XP level 16. HP: 129/129 MP: 16/16
 17513 | D:15     | Found a staircase to the Depths.
 17900 | Lair:1   | Entered Level 1 of the Lair of Beasts
 18770 | Lair:2   | Noticed Harold
 18786 | Lair:2   | Killed Harold
 19634 | Lair:3   | Found a staircase to the Shoals.
 19821 | Lair:3   | Found a staircase to the Snake Pit.
 19849 | Lair:3   | Identified the +2 battleaxe of Darkness {elec, rN+ Dex+3}
 20705 | Lair:4   | Found the +8 whip "Snakebite" {venom, curare, rPois}
 21015 | Lair:4   | Reached skill level 15 in Long Blades
 21120 | Lair:4   | Found a runed translucent door.
 21120 | Lair:4   | Found a viscous altar of Jiyva.
 21120 | Lair:4   | Found a staircase to the Slime Pits.
 21120 | Lair:4   | Noticed an acid blob
 21120 | Lair:4   | Noticed an acid blob
 21131 | Lair:4   | Killed an acid blob
 21146 | Lair:4   | Killed an acid blob
 21952 | Lair:5   | Entered Level 5 of the Lair of Beasts
 21975 | Lair:5   | Found a dark tunnel.
 21983 | Volcano  | Entered a volcano
 22155 | Volcano  | Reached XP level 17. HP: 127/137 MP: 17/17
 22885 | Lair:5   | Reached skill level 15 in Evocations
 23016 | Lair:5   | Identified the +6 halberd "Foimastren" {heavy, rElec Dex+3
                  | Stlth+}
 23048 | Lair:5   | Reached skill level 10 in Throwing
 23077 | Lair:5   | Identified the ring of Neamnerch {rF++ Will+ Dex+6}
 23206 | Lair:5   | Upgraded the game from 0.30-a0-802-gb92711b to
                  | 0.30-a0-808-g6e07883
 23451 | Lair:5   | Bought a potion of curing for 54 gold pieces
 23451 | Lair:5   | Bought a potion of invisibility for 144 gold pieces
 23451 | Lair:5   | Bought a potion of cancellation for 144 gold pieces
 23453 | Lair:5   | Bought a dazzling plate armour for 840 gold pieces
 23453 | Lair:5   | Identified the +0 plate armour of the Seven Allies
                  | {*Corrode rPois rF+ rC+++} (You bought it in a shop on
                  | level 5 of the Lair of Beasts)
 23453 | Lair:5   | Bought a pair of embroidered boots for 225 gold pieces
 23546 | Shoals:1 | Entered Level 1 of the Shoals
 24051 | Shoals:1 | Identified the +11 dagger of Courage {protect, Stlth+}
 25280 | Shoals:2 | Found a runed translucent gate.
 25280 | Shoals:2 | Found a runed translucent gate.
 25280 | Shoals:2 | Found a runed translucent gate.
 25281 | Shoals:2 | Noticed Gimmok's ghost (adept MiFi)
 25281 | Shoals:2 | Noticed Ojuonoci's ghost (adept DsWn)
 25321 | Shoals:2 | Killed Ojuonoci's ghost
 25365 | Shoals:2 | Killed Gimmok's ghost
 25394 | Shoals:2 | Identified the amulet of the Skies Above {Spirit Contam
                  | +Blink Dex+3}
 25469 | Shoals:2 | Reached skill level 15 in Dodging
 25776 | Shoals:2 | Reached skill level 16 in Long Blades
 25838 | Shoals:3 | Found a frozen archway.
 25893 | Shoals:3 | HP: 5/139 [cyan ugly thing (2)]
 25893 | Shoals:3 | Collided with a cyan ugly thing

Illustrated notes

Levels and vault maps discovered:
D:1:      sevenhm_arrival_forest_fort_large_4, layout_basic, chequers_jeans,
          hangedman_decor_growths
D:2:      layout_basic
D:3:      layout_loops_ring, grunt_gozag_breadcrumbs, nicolae_ru_path_of_blood,
          chequers_serial_rivers_micro_e, amcnicky_mini_pool_small,
          minmay_bisected, uniq_robin, uniq_crazy_yiuf_cottage, uniq_ijyb,
          uniq_grinder
D:4:      layout_basic, mainiacjoe_overflow_six_doors_small,
          minmay_joined_circles
D:5:      layout_loops_cross, mainiacjoe_overflow_alcove_2,
          gammafunk_ghost_cemetery, serial_bayou_lagoon_b, uniq_duvessa,
          uniq_pikel
D:6:      layout_basic, uniq_prince_ribbit1
D:7:      layout_gridville, tgw_sif, minmay_temple_entry_glass, serial_shops,
          nicolae_shop_bloodbath_and_beyond
D:8:      layout_basic, nicolae_hepliaklqana_monster_ancestors, enter_ossuary_5,
          gammafunk_ghost_nasty_kobolds, uniq_joseph
D:9:      layout_roguey, eat_drink_and_be_merry_uskayaw, david_lair_shrubbed,
          gammafunk_ghost_grave, nicolae_transmutations_shop
D:10:     layout_loops_ring, grunt_temple_overflow_open,
          mainiacjoe_overflow_surrounded_room
D:11:     minmay_the_grid_square_5x5_4x4 [minmay_the_grid_square_5x5_three,
          minmay_the_grid_square_5x5_broken_cross,
          minmay_the_grid_square_5x5_shrine2,
          minmay_the_grid_square_5x5_minimal,
          minmay_the_grid_square_5x5_two_walls_b,
          minmay_the_grid_square_5x5_prize_monsterx,
          minmay_the_grid_square_5x5_prize_waves,
          minmay_the_grid_square_5x5_hourglass,
          minmay_the_grid_square_5x5_beaten_path,
          minmay_the_grid_square_5x5_prize_open,
          minmay_the_grid_square_5x5_prize_pseudospiral,
          minmay_the_grid_square_5x5_hollow_slash,
          minmay_the_grid_square_5x5_corner,
          minmay_the_grid_square_5x5_spiral_small,
          minmay_the_grid_square_5x5_six_small,
          minmay_the_grid_square_5x5_eight_small], layout_basic,
          hiddenorc1_lemuel, uniq_erica
D:12:     layout_loops_ring, minmay_checkerbox
D:13:     layout_basic, hangedman_vaults_entry_quadrant_bands
D:14:     layout_loops_ring, serial_park_square1 [serial_park_minivault_5x5_6],
          serial_bayou_lake_a
D:15:     grunt_enter_depths_magical_seal, layout_basic,
          hangedman_decor_clover_reticule
Lair:1:   layout_roguey, beast_lair_carwin_4
Lair:2:   layout_small_grid, uniq_harold
Lair:3:   layout_regular_city, elwin_shoals_entry_rocks,
          minmay_snake_entry_guardpost_small
Lair:4:   minmay_guarded_unrand_snakebite, layout_regular_city, slime_entry_2,
          serial_bayou_shore_b
Lair:5:   guppyfry_lair_end_dragon, layout_cellular_growth,
          nicolae_volcano_entry_lava_flow, st_stairs_7, grunt_megastairs_2,
          serial_bayou_shore_a
Shoals:1: layout_shoals
Shoals:2: layout_shoals, gammafunk_ghost_cemetery
Shoals:3: layout_shoals, portal_ice_cave_entry_ugly_swarm
Orc:1:    lemuel_ogre_cave, layout_caves, serial_shops,
          nicolae_shop_hallway_plus, nicolae_orc_flooded_monolith
Orc:2:    st_orc_elflike, layout_caves, serial_shops, shop,
          nicolae_shop_overgrown_old_shop, nicolae_shop_stone, shop_statue,
          roderic_batcave, guppyfry_orc_lava_fort, uniq_erolcha

Skill      XL: |  1  2  3  4  5  6  7  8  9 10 11 12 13 14 15 16 17 |
---------------+----------------------------------------------------+-----
Dodging        | 1 2 3 4 5 6 8 9 11 13 14 15 | 15.0
Polearms       | 3 |  3.5
Long Blades    | 2 3 4 6 7 9 10 11 12 13 14 15 16 | 16.0
Fighting       | 4 5 6 7 8 9 10 11 12 13 14 | 14.3
Shields        | 4 5 6 7 8 10 11 12 | 12.0
Evocations     | 1 3 4 6 7 8 9 10 11 13 14 15 | 15.9
Armour         | 3 4 5 6 7 8 9 |  9.2
Throwing       | 2 4 6 7 8 9 10 | 10.3

Action                     |  1- 3 |  4- 6 |  7- 9 | 10-12 | 13-15 | 16-18 || total
---------------------------+-------+-------+-------+-------+-------+-------++-------
  Melee: Trident           |   143 |    37 |       |       |       |       ||   180
         Eudemon blade     |       |    75 |   148 |   406 |  1002 |  1098 ||  2729
         Tailslap          |       |       |     3 |       |    11 |    44 ||    58
         Broad axe         |       |       |       |       |     8 |       ||     8
         Scimitar          |       |       |       |       |     5 |    13 ||    18
  Throw: Javelin           |     2 |     3 |     3 |    22 |     5 |     1 ||    36
         Dart              |       |       |       |     8 |     8 |     1 ||    17
         Boomerang         |       |       |       |       |       |     7 ||     7
 Invoke: Call Merchant     |       |       |       |       |     3 |     3 ||     6
  Evoke: Wand              |       |     2 |       |     5 |    13 |     5 ||    25
    Use: Potion            |     2 |       |     1 |     1 |     6 |     6 ||    16
         Scroll            |       |     7 |     5 |    13 |     8 |     9 ||    42
   Stab: Distracted        |       |       |     2 |     2 |     3 |    12 ||    19
         Invisible         |       |       |       |       |     4 |     4 ||     8
         Held in net/web   |       |       |       |       |       |     1 ||     1
 Armour: Scale mail        |    49 |     4 |       |       |       |       ||    53
         Chain mail        |       |    16 |    27 |   103 |   170 |   123 ||   439
         Plate armour      |       |       |       |       |       |    60 ||    60
  Dodge: Dodged            |    89 |    92 |    55 |   212 |   357 |   493 ||  1298
  Block: Buckler           |    34 |    36 |    28 |   193 |    81 |       ||   372
         Reflection        |       |       |     1 |    14 |    63 |    42 ||   120
         Kite shield       |       |       |       |       |   521 |   912 ||  1433

Table legend: (Time is in decaauts)
 A = Elapsed time spent in this place.
 B = Non-inter-level travel time spent in this place.
 C = Inter-level travel time spent in this place.
 D = Time resting spent in this place.
 E = Time spent auto-exploring this place.
 F = Levels seen in this place.
 G = Mean time per level.
                   A        B        C        D        E       F      G
               +--------+--------+--------+--------+--------+-----+--------+
         Total |  26239 |  25910 |    329 |   1663 |   8173 |  28 |  937.1 |
       Dungeon |  15282 |  15013 |    269 |    730 |   6017 |  15 | 1018.8 |
          Lair |   5664 |   5606 |     58 |    361 |   1642 |   5 | 1132.8 |
        Shoals |   1790 |   1790 |      0 |    114 |    312 |   3 |  596.7 |
  Orcish Mines |   2940 |   2940 |      0 |    454 |    181 |   2 | 1470.0 |
         Abyss |     55 |     55 |      0 |      0 |      0 |   1 |   55.0 |
       Ossuary |    196 |    196 |      0 |      3 |     19 |   1 |  196.0 |
       Volcano |    308 |    308 |      0 |      0 |      0 |   1 |  308.0 |
               +--------+--------+--------+--------+--------+-----+--------+

Top non-repeatable levels by time:
    D:11: 2416 daAuts
   Orc:2: 1502 daAuts
     D:8: 1447 daAuts
   Orc:1: 1437 daAuts
  Lair:4: 1395 daAuts
  Lair:3: 1364 daAuts
    D:15: 1319 daAuts
  Lair:5: 1264 daAuts
    D:13: 1076 daAuts
     D:4: 1012 daAuts
    D:12: 988 daAuts
     D:1: 985 daAuts
Shoals:2: 956 daAuts
    D:14: 954 daAuts
  Lair:2: 940 daAuts
